 Dungeon Crawl Stone Soup version 0.19.5 (webtiles) character file.

13 miragecloak the Insei (level 2, 18/18 HPs)
             Began as an Octopode Transmuter on May 17, 2017.
             Quit the game on level 1 of the Dungeon.
             The game lasted 00:01:30 (586 turns).

miragecloak the Insei (Octopode Transmuter)          Turns: 586, Time: 00:01:31

Health: 18/18      AC:  1    Str:  9    XL:     2   Next: 37%
Magic:  5/5        EV: 13    Int: 15    God:
Gold:   32         SH:  0    Dex: 12    Spells: 1 memorised, 4 levels left

rFire  . . .     SeeInvis .       - Unarmed
rCold  . . .     Gourm    .     (no shield)
rNeg   . . .     Faith    .     (helmet restricted)
rPois  .         Spirit   .     d - amulet of inaccuracy (curse)
rElec  .         Reflect  .     h - ring of loudness (curse)
rCorr  .         Harm     .     (no ring)
MR     .....                    (no ring)
Stlth  +.........               (no ring)
                                (no ring)
                                (no ring)
                                (no ring)
                                (no ring)

@: no status effects
A: almost no armour, stealthy swim, amphibious, 8 rings, constrict 8, camouflage
1, gelatinous body 1
a: no special abilities


You were on level 1 of the Dungeon.
You were not hungry.

You visited 1 branch of the dungeon, and saw 1 of its levels.

You collected 32 gold pieces.

Inventory:

Missiles
 a - 12 arrows
Jewellery
 d - a cursed amulet of inaccuracy (around mantle)
 h - a cursed ring of loudness (left tentacle)
Scrolls
 i - a scroll of teleportation {unknown}
Potions
 e - a potion of might {unknown}
Books
 b - a book of Changes

   Spells                             Type                      Level
   a - Beastly Appendage              Transmutation                1
   b - Sticks to Snakes               Transmutation                2
   c - Spider Form                    Transmutation/Poison         3
   d - Ice Form                       Ice/Transmutation            4
   e - Blade Hands                    Transmutation                5
Comestibles
 c - a bread ration
 f - a chunk of flesh
 g - a meat ration


   Skills:
 - Level 1.0 Fighting
 - Level 2.0 Dodging
 - Level 3.0 Unarmed Combat
 - Level 2.0 Spellcasting
 + Level 3.0 Transmutations


You had 4 spell levels left.
You knew the following spells:

 Your Spells              Type           Power        Failure   Level  Hunger
a - Beastly Appendage     Tmut           ##....       8%          1    #......


Dungeon Overview and Level Annotations

Branches:
Dungeon (1/15)

Altars:


Innate Abilities, Weirdness & Mutations

You cannot wear most types of armour.
You are very stealthy in the water. (Stealth+)
You are amphibious.
You can wear up to eight rings at the same time.
You can use your tentacles to constrict eight enemies at once.
Your skin changes colour to match your surroundings (Stealth+).
Your rubbery body absorbs attacks. (AC +1, EV +1)


Message History

The hobgoblin shouts!
Found 30 stones.
The hobgoblin hits you with a club.
You tentacle-slap the hobgoblin.
You kill the hobgoblin!
Your Transmutations skill increases to level 3!
No target in view!
No target in view!
No target in view!
No target in view!
No target in view!
No target in view!
No target in view!
Found a robe.
Your transformation is almost over.
You see here a robe.
Your tentacle spike disappears.
A leopard gecko comes into view.
A leopard gecko is nearby!
Are you sure you want to abandon this character and quit the game? (Confirm with "yes".)

##.....## ##.# ##...##
#.# ####'## #.# #....#
#.# #....# .#
####รท...### ######
l.#####.........###.....
........).........#.....
.#####@........###.....
#.......#.# #.....
#.##....#.# #.....
#.##....#.# ######
#.#####.#.#
#.........#####
#######.......#
#..####.# #..# #.#


You could see a leopard gecko (sleeping).

Vanquished Creatures
  A dart slug (D:1)
  A giant cockroach (D:1)
  2 goblins (D:1)
  A hobgoblin (D:1)
  A bat (D:1)
  2 frilled lizards (D:1)
  A kobold (D:1)
  3 rats (D:1)
12 creatures vanquished.

Notes
Turn   | Place    | Note
-------+----------+-------------------------------------------
     0 | D:1      | miragecloak the Octopode Transmuter began the quest for the Orb.
     0 | D:1      | Reached XP level 1. HP: 13/13 MP: 3/3
   383 | D:1      | Reached XP level 2. HP: 15/18 MP: 3/5
   586 | D:1      | Quit the game

Skill      XL: |  1  2 |
---------------+-------+-----
Transmutations | 3 |  3.0
Fighting       | |  1.0
Dodging        | |  2.0
Unarmed Combat | |  3.0
Spellcasting   | |  2.0

Action                   || total
-------------------------++-------
Melee: Unarmed           ||    43
       Constrict         ||     7
       Kick              ||     6
       Tentacles         ||     5
 Cast: Beastly Appendage ||     8
 Stab: Sleeping          ||     2
Armor: Skin              ||     3
Dodge: Dodged            ||    23
